Map: Frost LE

Players

Razaac - Winner!

  • Race: Terran Terran
  • League: Platinum

blackxored

  • Race: Zerg Zerg
  • League: Platinum

VOD

Have the link to the VOD?

Description

Time

  • Played on: June 25, 2016, 6:18 p.m.
  • Length: 23:11
Show
View Real Time Build Order
Export as new Build Order

Razaac Terran - Winner!

Build Orders: Command Center First (CC), Liberator Opening, Mech 

Get SALT Encoding   

  12  0:01  SCV  
  13  0:13  SCV  
  14  0:20  Supply Depot  
  14  0:25  SCV  
  15  0:41  SCV  
  16  0:53  SCV  
  17  1:04  Command Center  
  17  1:06  SCV  
  18  1:21  SCV  
  18  1:22  Barracks  
  19  1:31  Refinery  
  19  1:33  SCV  
  20  1:45  SCV  
  21  2:08  Refinery  
  21  2:09  Marine  
  21  2:10  Orbital Command  
  22  2:18  Bunker  
  22  2:20  Orbital Command  
  22  2:26  Marine  
  23  2:38  SCV  
  23  2:40  Factory  
  24  2:44  Marine  
  24  2:49  SCV  
  24  2:50  SCV  
  27  3:02  Marine, SCV x2  
  29  3:14  SCV  
  29  3:18  SCV  
  29  3:19  Supply Depot  
  31  3:27  Starport, Factory Tech Lab  
  31  3:29  SCV  
  31  3:33  SCV  
  33  3:41  SCV  
  33  3:43  Supply Depot  
  33  3:45  SCV  
  33  3:47  Liberator  
  33  3:48  Siege Tank  
  38  3:54  SCV  
  39  3:57  Marine, SCV  
  44  4:12  SCV x2  
  44  4:14  Supply Depot, Marine  
  44  4:15  Armory  
  47  4:18  Refinery  
  47  4:19  Refinery  
  47  4:24  SCV x2  
  49  4:37  SCV x2  
  51  4:48  Viking  
  51  4:49  SCV x2  
  55  4:59  Factory x2  
  55  5:02  SCV x2  
  57  5:09  Supply Depot  
  57  5:13  Engineering Bay  
  57  5:15  Supply Depot  
  57  5:22  Command Center  
  57  5:24  Medivac  
  59  5:29  SCV x2  
  59  5:31  Marine, Siege Tank  
  65  5:49  SCV x2  
  67  5:50  Factory Tech Lab  
  67  5:51  Factory Reactor  
  67  5:54  Terran Vehicle Weapons Level 1  
  67  5:59  Supply Depot  
  67  6:01  Supply Depot  
  67  6:08  Starport Reactor  
  67  6:14  SCV x2, Missile Turret  
  67  6:16  Missile Turret  
  69  6:32  SCV x2  
  71  6:36  Siege Tank x2  
  77  6:47  Liberator x2  
  77  6:50  SCV x2  
  77  6:51  Refinery  
  77  7:02  SCV x2  
  77  7:06  Missile Turret  
  85  7:10  Supply Depot  
  85  7:11  Supply Depot, Siege Tank x2, Command Center  
  85  7:12  Hellbat x2  
  95  7:23  Missile Turret  
  95  7:24  Armory  
  95  7:25  SCV  
  95  7:26  SCV  
  95  7:27  Infernal Pre-Igniter  
  97  7:34  Orbital Command  
  97  7:38  SCV x2  
  97  7:39  Missile Turret  
  97  7:40  Hellbat x2  
  103  7:50  SCV x2  
  105  7:59  Supply Depot  
  105  8:02  SCV x2  
  105  8:04  Marine  
  108  8:06  SCV  
  108  8:10  Terran Vehicle And Ship Armor Level 1  
  109  8:14  SCV  
  110  8:22  Supply Depot  
  110  8:33  Liberator x2  
  108  8:37  Hellbat, Siege Tank x2  
  108  8:38  Hellbat  
  114  8:49  SCV x2  
  114  8:54  SCV  
  123  8:56  Terran Vehicle Weapons Level 2  
  123  8:57  Refinery  
  123  9:01  SCV  
  124  9:09  Factory  
  124  9:14  Factory  
  124  9:16  Thor x2  
  136  9:17  Hellbat x2  
  136  9:22  Missile Turret  
  136  9:23  Missile Turret  
  140  9:33  Viking x2  
  144  9:38  SCV  
  144  9:39  SCV x2  
  144  9:41  Hellbat x2  
  151  9:48  Marine  
  151  9:51  SCV x3  
  155  10:11  Factory Reactor  
  155  10:12  Factory Tech Lab  
  155  10:36  Viking x2  
  155  10:38  Command Center  
  155  10:39  Refinery, Planetary Fortress  
  155  10:40  Refinery  
  155  10:42  Missile Turret  
  156  10:44  Missile Turret  
  156  11:02  Starport, Terran Vehicle And Ship Armor Level 2  
  156  11:15  Command Center  
  156  11:18  Missile Turret x2  
  156  11:31  Starport  
  156  11:48  Starport Reactor  
  156  11:49  Viking x2, SCV x4  
  156  11:51  Supply Depot  
  164  11:56  Supply Depot x2  
  164  12:01  Thor x2, SCV x2  
  164  12:02  Hellbat x3  
  164  12:03  Hellbat  
  164  12:07  Terran Vehicle Weapons Level 3  
  186  12:13  Planetary Fortress  
  186  12:19  Viking x2  
  179  12:49  Viking x3, Missile Turret  
  179  12:50  Viking x2  
  179  12:51  Missile Turret  
  189  12:52  Missile Turret  
  189  12:54  Planetary Fortress  
  141  13:19  Viking, Marine  
  130  13:23  Liberator x4  
  125  13:30  Terran Vehicle And Ship Armor Level 3  
  122  13:37  Marine  
  128  13:48  Siege Tank x3  
  128  13:49  Hellbat x3, Medivac  
  142  13:57  Factory  
  142  14:02  Factory  
  142  14:05  Refinery  
  142  14:06  Refinery  
  142  14:26  Medivac  
  142  14:28  Hellbat x4  
  142  14:29  Thor x3  
  170  14:47  Factory Tech Lab x2  
  170  14:50  Terran Ship Weapons Level 1  
  170  15:32  Hellbat x5, Thor x2  
  170  15:33  Thor  
  196  16:07  Siege Tank x2  
  196  16:22  Command Center  
  192  16:27  Command Center  
  192  16:30  Missile Turret  
  192  16:32  Hellbat x4  
  198  16:42  Liberator x2  
  200  17:16  Command Center  
  189  17:37  Thor x4  
  166  17:38  Hellbat x3  
  166  17:39  Hellbat x2  
  155  18:17  Hellbat x5  
  159  18:25  Missile Turret  
  159  18:26  Missile Turret  
  153  18:38  Hellbat x2, Thor x3  
  153  18:39  Viking x2  
  153  18:40  Viking x3  
  185  18:54  Command Center, Terran Ship Weapons Level 2  
  173  19:09  Planetary Fortress  
  173  19:23  Siege Tank x3  
  186  19:24  Hellbat x4  
  182  19:53  Refinery  
  182  19:57  Refinery  
  180  20:16  Liberator x2  
  180  20:18  Thor  
  180  20:19  Thor x2  
  196  20:27  Planetary Fortress  
  177  20:54  Liberator x3  
  177  20:58  Liberator  
  167  21:24  Hellbat x3  
  167  21:25  Siege Tank x3  
  176  21:26  Thor x2  
  176  21:30  Planetary Fortress x2  
  188  21:41  Missile Turret  
  188  21:42  Missile Turret  
  188  21:49  Missile Turret  
  188  21:57  Hellbat x4  
  188  21:58  Hellbat x2  
  182  22:46  Missile Turret x2  
  182  22:47  Command Center, Missile Turret  
  182  22:49  Refinery, Missile Turret  
  182  22:50  Refinery  
  182  23:06  Command Center  
  182  23:07  Command Center  
  182  23:08  Command Center  
Show
View Real Time Build Order
Export as new Build Order

blackxored Zerg 

Build Orders: Hatch First 

Get SALT Encoding   

  12  0:01  Drone  
  13  0:08  Drone  
  14  0:16  Overlord  
  14  0:23  Extractor  
  14  0:24  Drone  
  15  0:36  Drone x2  
  17  0:58  Hatchery  
  17  1:01  Drone  
  17  1:03  Drone  
  18  1:16  Extractor  
  17  1:18  Spawning Pool  
  17  1:20  Drone  
  17  1:22  Drone  
  18  1:27  Drone  
  19  1:38  Overlord  
  19  1:49  Drone  
  20  2:07  Zergling x2  
  20  2:08  Queen  
  23  2:09  Queen  
  23  2:10  Zergling x2  
  23  2:15  Zergling x2  
  27  2:33  Hatchery  
  27  2:35  Drone x2  
  27  2:36  Drone  
  29  2:39  Drone  
  30  2:51  Queen  
  30  2:55  Pneumatized Carapace  
  32  3:01  Overlord  
  32  3:14  Drone x2  
  32  3:15  Drone x2  
  32  3:19  Overlord  
  36  3:31  Drone x5  
  41  3:48  Zergling x6  
  44  4:08  Drone  
  46  4:10  Drone x3  
  46  4:11  Baneling Nest  
  46  4:12  Queen  
  49  4:29  Overlord  
  49  4:30  Zergling x16  
  57  4:45  Lair  
  57  4:46  Overlord x4  
  57  5:03  Baneling x3  
  57  5:04  Queen x2, Baneling x9  
  61  5:22  Spore Crawler  
  61  5:24  Spore Crawler  
  61  5:26  Drone x2  
  59  5:43  Zergling x10  
  59  5:44  Zergling x6  
  67  5:51  Drone  
  68  6:06  Drone x5  
  68  6:08  Roach Warren  
  68  6:09  Extractor  
  71  6:21  Overlord  
  71  6:22  Overlord  
  71  6:27  Hatchery  
  71  6:30  Drone x2  
  71  6:31  Hydralisk Den  
  71  6:43  Spore Crawler  
  72  6:47  Drone x7  
  72  6:51  Glial Reconstitution, Queen  
  78  6:54  Drone x2  
  78  6:55  Evolution Chamber  
  78  6:57  Drone, Evolution Chamber  
  78  7:00  Extractor, Drone  
  79  7:01  Extractor  
  78  7:14  Drone x4  
  82  7:16  Drone  
  82  7:22  Drone  
  84  7:25  Drone  
  85  7:39  Drone  
  85  7:40  Spire  
  85  7:41  Zerg Missile Weapons Level 1  
  85  7:46  Drone x2  
  85  7:47  Drone x6  
  93  8:00  Drone x2  
  93  8:03  Extractor  
  93  8:04  Drone  
  93  8:05  Overlord x4, Extractor  
  84  8:41  Drone x4  
  84  8:42  Drone x2  
  90  8:51  Drone x15  
  105  8:57  Zerg Ground Armor Level 1  
  105  9:00  Overseer  
  105  9:09  Roach x10  
  125  9:14  Infestation Pit  
  125  9:16  Drone  
  125  9:17  Drone  
  125  9:18  Drone x2  
  128  9:25  Overlord x2  
  125  9:52  Corruptor x2  
  122  9:53  Corruptor x7  
  139  10:01  Zerg Missile Weapons Level 2  
  139  10:16  Hive  
  139  10:25  Roach x2  
  141  10:40  Drone x3  
  141  10:41  Hatchery  
  143  10:43  Overlord x2  
  143  10:44  Overlord x2, Extractor  
  143  10:46  Extractor, Zerg Flyer Armor Level 1  
  141  10:50  Spire  
  141  10:51  Drone  
  141  10:54  Drone x3  
  144  11:06  Zerg Ground Armor Level 2  
  144  11:08  Drone x3  
  147  11:15  Drone x3  
  147  11:16  Drone  
  151  11:19  Drone x2  
  151  11:23  Hydralisk x4  
  151  11:24  Hydralisk x3  
  167  11:32  Muscular Augments  
  167  11:36  Extractor x2  
  165  11:50  Viper  
  159  12:09  Greater Spire  
  138  12:31  Roach  
  138  12:32  Roach x18  
  138  12:33  Overlord  
  138  12:34  Overlord x4  
  174  12:39  Zerg Missile Weapons Level 3  
  168  12:51  Evolution Chamber  
  166  12:52  Evolution Chamber  
  166  12:54  Evolution Chamber  
  166  12:55  Hydralisk  
  166  12:56  Hydralisk x4  
  174  13:04  Hydralisk  
  174  13:05  Hydralisk x12  
  166  13:12  Roach  
  166  13:13  Roach x8  
  166  13:18  Roach x5  
  173  13:21  Queen  
  169  13:30  Roach x7  
  183  13:38  Viper  
  184  13:43  Metabolic Boost  
  185  13:55  Drone x3  
  185  13:56  Drone x7  
  185  13:57  Drone  
  185  14:01  Drone  
  196  14:08  Viper  
  199  14:19  Hatchery  
  199  14:23  Overseer  
  198  14:41  Ravager  
  199  15:02  Zerg Ground Armor Level 3  
  199  15:27  Overlord x3  
  199  15:41  Ultralisk Cavern  
  194  15:55  Hatchery  
  181  16:08  Drone x9  
  181  16:09  Drone x2  
  189  16:16  Spore Crawler  
  189  16:17  Spine Crawler  
  189  16:18  Spine Crawler  
  179  16:20  Spine Crawler  
  179  16:21  Spine Crawler  
  175  16:26  Spine Crawler  
  175  16:29  Drone x13  
  187  16:36  Hatchery  
  185  16:41  Chitinous Plating  
  185  16:44  Zerg Melee Weapons Level 1  
  183  16:51  Hatchery  
  183  17:04  Overseer x2  
  134  17:37  Roach x14  
  134  17:38  Roach x7  
  136  17:44  Zergling x2  
  136  17:45  Zergling x2  
  136  17:49  Queen  
  112  18:00  Roach x3  
  112  18:01  Roach x6  
  121  18:12  Zergling x8  
  106  18:13  Zergling x4  
  94  18:20  Zergling x16  
  93  18:28  Zergling x10  
  93  18:31  Queen  
  94  18:37  Zergling x12  
  94  18:39  Zerg Melee Weapons Level 2  
  94  18:44  Zergling x2  
  94  18:45  Zergling x6  
  92  18:55  Mutalisk x5  
  89  18:56  Mutalisk  
  101  19:02  Spore Crawler  
  101  19:05  Spore Crawler  
  101  19:06  Spore Crawler  
  101  19:08  Spine Crawler  
  101  19:09  Spine Crawler x2  
  79  19:10  Spine Crawler  
  79  19:14  Roach  
  79  19:15  Roach x12  
  80  19:33  Ultralisk  
  80  19:34  Ultralisk  
  79  19:56  Ultralisk x2  
  90  20:14  Zergling x2  
  90  20:15  Ultralisk  
  58  20:39  Ultralisk  
  63  20:43  Zergling x2  
  33  21:55  Zergling x2  
Tags
 
Add a new tag
Caveats
  • Supply blocks, unpowered buildings, or Contaminate may cause inaccurate times.
  • Supply counts are checked every 10 seconds.